[Event "12th Senioren-Cup Tegernsee 2024"]
[Site "Rottach-Egern"]
[Date "2024.04.10"]
[Round "5.10"]
[White "Haubt, Georg"]
[Black "Wille, Thomas"]
[Result "1/2-1/2"]
[ECO "A43"]
[WhiteElo "2013"]
[BlackElo "2147"]
[Annotator "TA"]
[PlyCount "159"]
[EventDate "2024.04.02"]
[EventType "swiss"]
[EventCountry "GER"]
[SourceTitle "playchess.com"]
[Source "ChessBase"]
[SourceQuality "1"]
[TimeControl "7800+30"]

1. d4 c5 2. c3 e6 3. Bf4 Nc6 4. e3 d5 5. Nd2 Bd6 6. Bg3 {[%emt 0:04:15] A43: Schmid Benoni.} Nge7 7. Ngf3 cxd4 8. exd4 Nf5 9. Bd3 Nxg3 10. hxg3 g6 11. Qe2 Qf6 12. O-O-O Bd7 13. g4 h6 $146 ({Predecessor:} 13... O-O-O 14. Rde1 Qg7 15. Qe3 Rde8 16. g5 Kb8 17. Ne5 Bc8 18. Ndf3 f6 19. gxf6 Qxf6 {1-0 Andersen,J (2267)-Simonsen,P (2023) North Sea Cup 22nd 2007 (5)}) 14. Rde1 O-O-O 15. Ne5 Bxe5 16. dxe5 Qg5 17. g3 f5 18. gxf5 gxf5 19. Rh5 Qg7 20. Qe3 a6 21. Nb3 Kc7 22. Nc5 Bc8 23. Rh4 Qg5 24. f4 Qe7 25. Nb3 d4 26. cxd4 Qb4 (26... Nb4 $16 {was worth a try.}) 27. Kb1 $18 Nxd4 (27... Kb8 $16 28. Rc1 Na5 (28... Nxd4 $2 29. Rc4 $18)) 28. Rc1+ $1 $18 Nc6 ({Don't blunder} 28... Kb8 $2 29. Rc4 Qe7 30. Nxd4 $18 (30. Rxd4 Rxd4 31. Qxd4 Qe8 $18)) 29. Qf3 $2 (29. Bc4 $18 {is more deadly.}) 29... Qb6 $16 30. Rh2 Kb8 31. Bc4 ({Better is} 31. Bf1 $16) 31... a5 (31... Nd4 $14 32. Qe3 Qa7) 32. Qf2 (32. Bf1 $1 $16) 32... Ka7 {[%emt 0:00:00] [#]} (32... Qxf2 $11 33. Rxf2 Rhg8) 33. a4 (33. Nc5 $1 $16) 33... Rhg8 34. Qe1 Rg6 35. Bb5 Nb4 36. Rd2 Rgg8 37. Rcd1 Rxd2 38. Rxd2 Rd8 39. Rxd8 Qxd8 40. Qd2 Qc7 (40... Qxd2 {simplifies} 41. Nxd2 Na6 42. Ka2 Nc7) 41. Qc3 Qxc3 42. bxc3 Nd5 43. Kc2 (43. Nxa5 Nxc3+ 44. Kb2 Ne4 $17) 43... b6 44. Kd3 Ba6 45. c4 Bxb5 $2 ({Black should try} 45... Nc7 $1 $14) 46. cxb5 $2 (46. axb5 $18 Nc7 47. Nd4) 46... Kb7 $11 47. Nd4 Nc7 48. Ke3 Kc8 49. Kf3 Kd7 50. g4 fxg4+ 51. Kxg4 Nd5 52. Ne2 Ne3+ 53. Kh5 Nf5 $2 (53... Nd1 $11) 54. Kg6 $18 Ke7 55. Nc3 Kd7 56. Ne4 Ke7 57. Nf6 Ng3 {[%emt 0:00:00] [#]} 58. Kxh6 $2 (58. Ng8+ $1 $18 Kf8 59. Nxh6) 58... Ne2 $1 $11 59. Ne4 Nxf4 60. Nd6 Kd7 61. Nc4 Nd5 62. Kg7 Ke7 63. Kg8 Ke8 64. Nd6+ Kd7 65. Kf7 Nc3 66. Nc4 Nxa4 67. Kf6 Nc3 68. Nxb6+ Kc7 69. Nc4 Nxb5 70. Nxa5 Kd7 71. Nb3 Nc7 72. Nc5+ Ke8 73. Nxe6 Nd5+ 74. Kf5 Ke7 75. Nd4 Ne3+ 76. Ke4 Nc4 77. e6 Nd6+ 78. Kd5 Ne8 79. Nf5+ Kf6 80. Ke4 1/2-1/2

[Event "12th Senioren-Cup Tegernsee 2024"]
[Site "Rottach-Egern"]
[Date "2024.04.11"]
[Round "6.2"]
[White "Heinbuch, Detlef Ulrich"]
[Black "Belke, Frank"]
[Result "1/2-1/2"]
[ECO "A25"]
[WhiteElo "2273"]
[BlackElo "2163"]
[Annotator "TA"]
[PlyCount "46"]
[EventDate "2024.04.02"]
[EventType "swiss"]
[EventCountry "GER"]
[SourceTitle "playchess.com"]
[Source "ChessBase"]
[SourceQuality "1"]
[TimeControl "7800+30"]

1. c4 e5 2. g3 Nc6 3. Bg2 g6 4. Nc3 Bg7 5. e3 d6 6. Nge2 Nf6 7. O-O O-O 8. b3 Bf5 9. d3 Qd7 10. Bb2 Bh3 11. e4 (11. d4 {looks sharper.} Bxg2 12. Kxg2 Nb4 13. a3) 11... h5 12. Nd5 Nxd5 13. cxd5 {[%emt 0:04:34][%cal Og2h3] [#] Strongly threatening Bxh3!} Ne7 14. f3 Rac8 (14... Bxg2 $11 15. Kxg2 c6) 15. Qd2 c6 16. dxc6 Rxc6 17. Rac1 Rfc8 18. d4 {[%emt 0:07:30] The position is equal.} Rxc1 19. Rxc1 Rxc1+ 20. Qxc1 Bxg2 21. Kxg2 d5 22. exd5 Qxd5 23. dxe5 Qd7 {[%emt 0:00:00] A rather calm draw.   Weighted Error Value: White=0.13 (very precise) /Black=0.13 (very precise) .  Mistake:       	---       	Black=1      Inaccurate:     	White=3     	---        OK:         	White=4     	Black=3} 1/2-1/2

[Event "12th Senioren-Cup Tegernsee 2024"]
[Site "Rottach-Egern"]
[Date "2024.04.11"]
[Round "6.3"]
[White "Vatter, Hans-Joachim"]
[Black "Babar, Michael"]
[Result "1/2-1/2"]
[ECO "D01"]
[WhiteElo "2211"]
[BlackElo "2099"]
[Annotator "TA"]
[PlyCount "80"]
[EventDate "2024.04.02"]
[EventType "swiss"]
[EventCountry "GER"]
[SourceTitle "playchess.com"]
[Source "ChessBase"]
[SourceQuality "1"]
[TimeControl "7800+30"]

1. d4 d5 2. Nc3 Bf5 3. f3 Nf6 4. Bg5 c6 5. e3 Nbd7 6. Bd3 Bxd3 7. Qxd3 Qa5 8. Nge2 e6 9. O-O Bd6 10. Bh4 O-O 11. a3 (11. e4 $11) 11... c5 (11... Qc7 $15) 12. b4 $11 cxb4 13. axb4 Qb6 (13... Qxb4 14. Rfb1 Qc4 15. Qxc4 (15. Rxb7 Qc8 $14) 15... dxc4 16. Rxb7 $16) 14. Rfb1 Rfc8 (14... Bxb4 $2 15. Na2 $18) 15. Bg3 Bxg3 (15... Bxb4 $2 16. Na2 $18) 16. hxg3 Qc6 17. b5 Qc7 18. Ra2 Ne8 19. e4 Nb6 20. Rba1 Nd6 21. Rxa7 Rxa7 22. Rxa7 Ndc4 23. Ra2 Qd6 24. Kh2 Qb4 25. exd5 exd5 26. Qf5 (26. Nf4 $14 Qd6 27. Ra7) 26... Rd8 {[%emt 0:00:07][%mdl 1024] Black has compensation.} 27. Ra7 Qe7 {[%emt 0:01:59] Repels Qg5} 28. Nf4 g6 $1 29. Qd3 Qc7 30. Qe2 Kf8 31. Qe1 h5 32. Qc1 (32. Qe6 $5 Qd6 (32... fxe6 33. Nxe6+ Ke7 34. Nxc7 $18) (32... Qxf4 33. Qxb6 Nxb6 34. gxf4 $16) 33. Qxd6+ Nxd6 34. Nd3 $14 (34. Ncxd5 Nxd5 35. Nxd5 Nxb5 $11)) 32... Kg7 33. Nd3 {[%emt 0:01:29] [#]} (33. Nxh5+ $11 {keeps the balance.} gxh5 34. Qg5+ Kf8 35. Rxb7) 33... h4 $1 $17 34. Qf4 hxg3+ 35. Kxg3 (35. Kg1 $1 $15 Qxf4 36. Nxf4) 35... Nd6 36. Nc5 $2 (36. Qe5+ $15 f6 37. Nc5 (37. Nxd5 $2 {loses.} Nxd5 38. Nc5 fxe5 $19) 37... fxe5 (37... Nf5+ 38. Kf2 $14) 38. Ne6+ Kf7 39. Nxc7 exd4 (39... Rc8 40. N3xd5 exd4 41. Ra2 $11) 40. Na4) 36... Nf5+ 37. Kg4 Nh6+ 38. Kg3 {[%emt 0:00:54] Dancing on a razor blade.} Nf5+ 39. Kg4 {[%emt 0:00:47] [#] Active counter play!} Nh6+ $2 (39... Ne3+ $1 {mates} 40. Kg3 Nf1+ (40... Nf5+ $2 41. Kg4 $19) 41. Kf2 Qxf4 42. Ne6+ fxe6 43. Rxb7+ Kf6 44. Rxb6 Qxd4+ 45. Kxf1 Qxb6 46. Nd1 Rc8 (46... Qxb5+ 47. Ke1 Qb4+ 48. Ke2 Qc4+ 49. Kd2 Qf4+ 50. Ke2 d4 51. g4 Rc8 52. g5+ Kxg5 53. c4 Rxc4 54. Kd3 Rc7 55. Ke2 Rc2+ 56. Kd3 Qd2+ 57. Ke4 Qe2+ 58. Kxd4 Rc4#) 47. c3 Ra8 (47... Qxb5+ {gets mated.} 48. Ke1 Qd3 49. g4 Ra8 50. g5+ Kxg5 51. Kf2 Ra2+ 52. Kg3 Qxd1 53. f4+ Kf5 54. Kh4 Qg4#) 48. g3 Ra2 (48... Qxb5+ 49. Kg2 Ra2+ 50. Nf2 Qc5 51. Kh3 Qxf2 52. Kg4 Qh2 53. c4 Qh5+ 54. Kf4 Qg5#) 49. g4 Qxb5+ 50. c4 Qxc4+ 51. Kg1 Qd4+ 52. Nf2 Qxf2+ 53. Kh1 Qh2#) 40. Kg3 $11 Nf5+ {[%emt 0:00:30] Weighted Error Value: White=0.35/Black=0.41.  Loses game:     	White=1     	---        Missed win:     	---       	Black=1      Mistake:       	White=4     	Black=1      Inaccurate:     	White=2     	Black=2      OK:         	White=9     	Black=13     Best:        	White=2     	Black=2      Strong:       	---       	Black=2} 1/2-1/2

[Event "12th Senioren-Cup Tegernsee 2024"]
[Site "Rottach-Egern"]
[Date "2024.04.11"]
[Round "6.5"]
[White "Lindam, Ingo"]
[Black "Pollmann, Sascha"]
[Result "1/2-1/2"]
[ECO "A83"]
[WhiteElo "2160"]
[BlackElo "2061"]
[Annotator "TA"]
[PlyCount "75"]
[EventDate "2024.04.02"]
[EventType "swiss"]
[EventCountry "GER"]
[SourceTitle "playchess.com"]
[Source "ChessBase"]
[SourceQuality "1"]
[TimeControl "7800+30"]

1. d4 f5 2. e4 fxe4 3. Nc3 Nf6 4. Bg5 g6 5. h4 d5 6. h5 Bf5 {[%emt 0:00:21] A83: Dutch Defence: Staunton Gambit with 3 Nc3 Nf6 4 Bg5.} 7. Bxf6 exf6 8. g4 Be6 9. hxg6 Qd7 10. g5 fxg5 11. Qh5 Qg7 12. O-O-O (12. gxh7+ Bf7 13. Qg4 Nd7 $17 (13... Rxh7 $2 14. Qc8+ Ke7 15. Rxh7 $18)) 12... Nc6 13. Bb5 $2 (13. Qxg5 Ne7 (13... Qxg6 14. Qxg6+ hxg6 15. Rxh8 $18) 14. Qh5 O-O-O $17 (14... Qxg6 15. Qe5 $11) (14... Nxg6 15. Nxd5 O-O-O 16. Bh3 $11)) (13. gxh7+ $11 {and White is okay.} Bf7 14. Qg4) 13... O-O-O $146 ({Predecessor:} 13... h6 14. f4 O-O-O 15. Bxc6 bxc6 16. Nge2 Be7 17. Kb1 Bf5 18. Ng3 Qxg6 19. Nxf5 Qxf5 20. fxg5 hxg5 {0-1 Ruuskanen,T-Hoerhammer,A FIN-ch I2 qual corr 1980}) 14. Bxc6 bxc6 15. gxh7 Bd6 16. Qe2 Rxh7 17. Rxh7 Qxh7 18. Qa6+ (18. f3 $142) 18... Kd7 $19 19. f3 exf3 20. Nxf3 Rf8 (20... Bg4 $19 {is more deadly.} 21. Rf1 Bxf3 22. Rxf3 g4) 21. Ne5+ $17 Bxe5 22. dxe5 Rf2 (22... Qh3 $17 {Threatens to win with ...Qe3+.} 23. Kb1 Qe3) 23. Qa4 $2 (23. Ne2 $11 c5 24. Qb5+ Kd8 25. Qb8+ Kd7 26. Qb5+ Kd8 27. Qb8+ Kd7 28. Qb5+) 23... Ke7 $19 24. Nb1 Rh2 $2 (24... Qh2 $1 $19 25. Qxc6 Bg4 (25... Qxe5 $2 26. Qc5+ Kd7 27. Qxf2 $18) 26. Qxc7+ Kf8 27. Qd8+ (27. Rxd5 $2 Qh1+) 27... Kg7 (27... Kf7 28. e6+ Bxe6 29. Nd2 $17) 28. Qxg5+ (28. Rxd5 $2 Rxc2#) 28... Kh7) 25. Qxc6 $11 Kd8 26. Na3 (26. Qxe6 $2 Rxc2#) 26... Qf5 27. Qc3 (27. Nb5 $11 {keeps the balance.} Qxe5 28. a3) 27... Rh3 (27... a6 $17 28. Qg3 Rh3) 28. Qe1 ({White should try} 28. Qc6 $15) 28... Qf4+ $19 29. Kb1 (29. Qd2 $142) 29... Qe3 $2 ({Better is} 29... a6 $1 $19 {Hoping for ...g4.} 30. Ka1 g4) 30. Qf1 {[%emt 0:01:15] Prevents g4.} (30. Qa5 g4 31. b3 Rh2 (31... Qxe5 32. Nb5 $11) 32. Rxd5+ Bxd5 33. Qxd5+ Ke7 $19) (30. Nb5 $1 $15) 30... Qf3 $1 $17 (30... Qxe5 31. Nc4 (31. Qf8+ Kd7 $17) 31... Qf4 32. Qe1) 31. Qe1 {[%emt 0:01:13] [#]} (31. Qg1 $17 {is a better defense.}) 31... Bg4 $2 (31... a6 $1 $19 {aiming for ...g4.} 32. Ka1 g4) 32. Rc1 $1 $11 Rh2 33. Qg1 Rf2 34. Nb5 $1 Qg2 35. Qe1 Bh3 $2 (35... a6 $11 {and Black stays safe.} 36. Nd4 Rf4 37. Nc6+ Kd7 38. Nb8+ Kc8 39. Nxa6 Qf2) 36. Qc3 $18 (36. Nxa7 Rf1 37. Qe3 Rxc1+ 38. Kxc1 Bd7 $15) (36. Qa5 $2 Rxc2 37. Qb4 (37. Rxc2 Qh1+) 37... Rxc1+ 38. Kxc1 Qg1+ 39. Kc2 Qf2+ 40. Kc1 Qe3+ 41. Kd1 Kc8 $19 (41... Qxe5 42. Nxa7 Kd7 43. Qa4+ Ke6 44. Qe8+ Kf5 45. Qd7+ Qe6 46. Qh7+ Kg4 47. b3 $17)) 36... Rf7 37. Qc6 {[%emt 0:01:13][%cal Oe5e6] And now e6! would win.} (37. Nxa7 Bd7 $11) 37... d4 {[%emt 0:07:35] [#]} 38. Qc5 $2 ({Inferior is} 38. Nxd4 Qxc6 39. Nxc6+ Ke8 $15) (38. Qc4 $1 $18 {[%cal Rc4f7] is the precise move to win.} Rf1 39. Qxc7+ (39. Nxc7 {gets mated.} Rxc1+ 40. Kxc1 Qg1+) 39... Ke8 40. Nd6+ (40. Qxa7 Rxc1+ 41. Kxc1 Qg1+ 42. Kd2 Qe3+ 43. Kd1 Bg4#) 40... Kf8 41. Qb8+ (41. Qxa7 Rxc1+ 42. Kxc1 Qg1+ 43. Kd2 Qe3+ 44. Kd1 Bg4#) 41... Kg7 42. Qxa7+ Kh6 43. Qxd4) 1/2-1/2

[Event "12th Senioren-Cup Tegernsee 2024"]
[Site "Rottach-Egern"]
[Date "2024.04.11"]
[Round "6.6"]
[White "Jahn, Peter"]
[Black "Cordts, Ingo"]
[Result "1/2-1/2"]
[ECO "D02"]
[WhiteElo "2068"]
[BlackElo "2225"]
[Annotator "TA"]
[PlyCount "67"]
[EventDate "2024.04.02"]
[EventType "swiss"]
[EventCountry "GER"]
[SourceTitle "playchess.com"]
[Source "ChessBase"]
[SourceQuality "1"]
[TimeControl "7800+30"]

1. d4 Nf6 2. Nf3 d5 3. g3 c5 4. Bg2 cxd4 5. O-O Bd7 6. Nxd4 e5 7. Nb3 Be6 8. c4 {[%emt 0:00:51] Bg5 is the strong threat.} Nc6 9. cxd5 Nxd5 10. N1d2 f6 11. Ne4 b6 {[%emt 0:06:12] Prevents Nec5} 12. Nc3 Ncb4 13. a3 Nxc3 14. bxc3 Qxd1 (14... Na6 $14 15. Bxa8 Qxa8) 15. Rxd1 $16 Bxb3 (15... Rc8 $16 16. axb4 Bxb3) 16. Bxa8 $18 Bxd1 17. axb4 a5 18. Bc6+ Kf7 19. bxa5 bxa5 20. Kf1 (20. Rxa5 $18 {is more deadly. aiming for Bd5+.} Bxe2 21. Bd5+ Kg6 22. Ra8) 20... a4 $16 21. Bxa4 {[%emt 0:00:49] White is more active.} Bxa4 22. Rxa4 {[%emt 0:00:07][%mdl 4096] Endgame. KRB-KRB} Be7 23. e4 h5 24. Be3 h4 (24... Rc8 $142) 25. Ke2 Rb8 26. Kf3 (26. c4 $18) 26... Rb3 27. Rc4 Ke6 (27... hxg3 $14 28. hxg3 Rb2) 28. Kg4 (28. gxh4 $16 {h5 would now be deadly.} g6 29. Rc8) 28... hxg3 $14 29. hxg3 g6 30. Kf3 Kd7 31. Ke2 Rb2+ 32. Kd3 Ra2 {[%emt 0:00:16] Dodges Ra4} 33. Bb6 Bd6 {[%emt 0:01:10] Inhibits Rc7+.} 34. Be3 {[%emt 0:06:01] Black defended with fortune.   Weighted Error Value: White=0.23 (precise) /Black=0.26 (precise) .  Mistake:       	White=3     	Black=4      Inaccurate:     	---       	Black=2      OK:         	White=9     	Black=9      Best:        	White=2     	Black=3} 1/2-1/2

[Event "12th Senioren-Cup Tegernsee 2024"]
[Site "Rottach-Egern"]
[Date "2024.04.11"]
[Round "6.7"]
[White "Mueller, Matthias-Michael"]
[Black "Luciani, Carlo"]
[Result "0-1"]
[ECO "A46"]
[WhiteElo "2307"]
[BlackElo "2159"]
[Annotator "TA"]
[PlyCount "98"]
[EventDate "2024.04.02"]
[EventType "swiss"]
[EventCountry "GER"]
[SourceTitle "playchess.com"]
[Source "ChessBase"]
[SourceQuality "1"]
[TimeControl "7800+30"]

1. d4 c5 2. c3 e6 3. Nf3 Nc6 4. g3 Nf6 5. Bg2 Be7 6. O-O O-O 7. Qd3 cxd4 8. Nxd4 d5 9. Nd2 {[%emt 0:04:12] Black is slightly better.} Bd7 (9... e5 $15 10. Nxc6 bxc6) 10. e4 $11 Nxd4 11. Qxd4 Bc6 12. e5 Nd7 13. Nb3 Qc7 14. Re1 a5 15. a4 (15. Qf4 $11) 15... b6 16. Bd2 Nc5 17. Nxc5 bxc5 18. Qg4 Rfb8 19. Bh6 Bf8 (19... Rxb2 20. Qxg7#) 20. Re2 Rb3 21. h4 Rab8 22. h5 {[%emt 0:01:00][%cal Oh6g7] Bxg7! would now be deadly.} Kh8 23. Bc1 {[%emt 0:01:00] [#]} d4 24. cxd4 $15 Bxg2 25. Kxg2 R8b4 26. Re4 Qc6 27. Kg1 Rd3 $1 {[%emt 0:02:54] Prevents Bd2} (27... Rxa4 $2 28. d5 (28. Rxa4 Qxa4 29. d5 Qd7 $16) 28... Qxd5 (28... Rxa1 $2 29. dxc6 Rb8 30. Qd1 $18) 29. Rexa4 $18 (29. Raxa4 Qa8 $18)) 28. Be3 {[%emt 0:04:54] [#]} (28. Qe2 $15 c4 (28... Rbxd4 29. Rxd4 Rxd4 30. h6 $11) 29. h6) 28... Rxb2 $2 {[%emt 0:01:05] Black is more active.} (28... cxd4 $1 $17 29. Rc1 Qd7 (29... Qxa4 $2 30. Rc8 $18)) 29. Rc1 (29. h6 $5) 29... c4 {[%emt 0:00:46][%cal Oc6d5] ...Qd5! is the strong threat.} (29... Qxa4 $6 30. dxc5 Qc6 31. Rf4 $16) 30. Bg5 $2 {[%emt 0:30:33] Loses the game.} (30. d5 $1 $11 {and White has nothing to worry.} exd5 (30... Rxd5 31. Rexc4 Qe8 32. Bg5 $16) 31. Rf4) 30... h6 $19 (30... Qxa4 31. h6 g6 (31... gxh6 32. Bf6+) 32. d5 $18) 31. Re3 $2 (31. Be3) 31... Rdd2 (31... hxg5 32. Rxd3 cxd3 33. Rxc6 $16) 32. Rf3 hxg5 33. Rxf7 Kg8 34. Rf3 Qd5 (34... Qxa4 35. Qxe6+ (35. Qxg5 $2 Rd3 $19) 35... Kh7 36. Rxf8 (36. Qf5+ Kh8 $18) 36... Rd1+ 37. Kh2) 35. h6 gxh6 {[%emt 0:00:41][%cal Of8g7] aiming for ...Bg7!} ({Weaker is} 35... Rxd4 36. h7+ Kxh7 37. Qh5+ Kg8 38. Qf7+ Kh7 39. Qh5+ Kg8 40. Qf7+ Kh8 41. Qh5+ Kg8 $11) 36. Rf6 Bg7 37. Rf3 Rxd4 {[%emt 0:00:43] Black mates.} 38. Qh5 Rd1+ 39. Rxd1 Qxd1+ 40. Kg2 Rb1 ({Not} 40... Bxe5 41. Qe8+ (41. Qxh6 Qd5 $11) (41. Rf8+ Kxf8 42. Qxd1 c3 $11) 41... Kh7 42. Rf7+ Bg7 43. Rxg7+ Kxg7 44. Qe7+ Kg6 45. Qxe6+ Kh7 46. Qf7+ Kh8 47. Qf8+ Kh7 48. Qf7+ Kh8 49. Qe8+ (49. Qf8+ Kh7 $11) 49... Kg7 50. Qe7+ Kg8 51. Qe8+ Kg7 52. Qe7+ Kg8 53. Qe8+ Kg7 $11) 41. Qf7+ Kh7 42. Kh3 Qe2 43. Re3 Rh1+ 44. Kg2 Qf1+ 45. Kf3 Rh2 46. Re2 g4+ 47. Ke3 Qc1+ 48. Ke4 Qb1+ 49. Kf4 Qd3 {[%emt 0:00:39] Weighted Error Value: White=0.55/Black=0.11 (very precise) .  Loses game:     	White=1     	---        Mistake:       	White=3     	Black=3      Inaccurate:     	White=4     	Black=3      OK:         	White=10    	Black=9      Best:        	---       	Black=2      Strong:       	---       	Black=1} 0-1

[Event "12th Senioren-Cup Tegernsee 2024"]
[Site "Rottach-Egern"]
[Date "2024.04.11"]
[Round "6.8"]
[White "Lutz, Albert"]
[Black "Schatz, Christian"]
[Result "1/2-1/2"]
[ECO "A05"]
[WhiteElo "2055"]
[BlackElo "2158"]
[Annotator "TA"]
[PlyCount "139"]
[EventDate "2024.04.02"]
[EventType "swiss"]
[EventCountry "GER"]
[SourceTitle "playchess.com"]
[Source "ChessBase"]
[SourceQuality "1"]
[TimeControl "7800+30"]

1. e4 c5 2. Nf3 Nc6 3. g3 g6 4. Bg2 Bg7 5. O-O d6 6. d3 Nf6 7. c3 O-O 8. Nbd2 Rb8 9. Re1 e5 10. a4 Be6 11. Ng5 Bd7 12. Nc4 h6 13. Nf3 Be6 14. b3 Qc7 15. Ra2 (15. Bd2 $11) 15... Rbd8 16. Rae2 Rfe8 17. Bb2 a6 18. d4 cxd4 19. cxd4 Bxc4 20. bxc4 exd4 21. Nxd4 Nxd4 22. Qxd4 Nh5 23. Qd5 Nf6 24. Qd4 Qa5 25. Qd1 Qb4 $2 (25... Nd7 $11 {and Black is okay.}) 26. Qa1 $18 Nh5 $2 (26... Re6 27. Bh3 Qxc4) 27. Bxg7 $2 (27. g4 $1 $18 {and the rest is easy.}) 27... Nxg7 $16 28. Rb2 Qxc4 29. Rxb7 Rb8 30. Reb1 (30. Bf1 $16 Qc6 31. Ra7) 30... Rxb7 $11 31. Rxb7 Rc8 (31... Ne6 $11) 32. a5 $16 Qc1+ 33. Qxc1 Rxc1+ 34. Bf1 Ra1 35. Rb6 Rxa5 36. Rxd6 Re5 37. Rd8+ (37. Rxa6 Rxe4 38. Bd3 Re7 $11) 37... Kh7 38. f3 (38. Bxa6 Rxe4 39. Rc8 Re7 $11) 38... a5 39. Bc4 Ne6 {[%emt 0:03:37] [#]} (39... Re7 $16) 40. Rd7 $1 $18 Kg8 {[%emt 0:02:42] [#]} 41. Bd5 $1 g5 42. Ra7 Nd8 (42... Kf8 $16 {was called for.} 43. Kf2 (43. Rxa5 Nc7 $14) 43... Nd8) 43. Kf2 (43. Rxa5 Re7 44. Kf2 Kg7 $11) 43... Kf8 44. Ke3 Re7 45. Rxa5 Rc7 46. Ra8 Ke7 47. Ra2 ({White should play} 47. f4 $18) 47... Rc3+ $16 48. Kd4 Rxf3 49. e5 (49. Ra7+ $14 {should be considered.} Ke8 50. Ra1) 49... Ne6+ $11 50. Ke4 Rf1 51. Ra7+ Kf8 52. Bxe6 fxe6 53. Rh7 Re1+ 54. Kd4 Rd1+ 55. Kc5 Rd5+ 56. Kc6 Rxe5 57. Kd6 Re2 58. Rxh6 Kg7 59. Rh5 Kf6 60. g4 Rd2+ 61. Kc5 Ke5 62. Rxg5+ Kf4 63. h4 Rg2 64. Rg8 Rxg4 65. Rxg4+ Kxg4 66. Kd4 Kf4 67. h5 e5+ 68. Kd5 Kg5 69. h6 Kxh6 70. Kxe5 1/2-1/2

[Event "12th Senioren-Cup Tegernsee 2024"]
[Site "Rottach-Egern"]
[Date "2024.04.11"]
[Round "6.9"]
[White "Crickmore, Neil E G"]
[Black "Jahn, Constanze"]
[Result "1-0"]
[ECO "E20"]
[WhiteElo "2151"]
[BlackElo "2042"]
[Annotator "TA"]
[PlyCount "83"]
[EventDate "2024.04.02"]
[EventType "swiss"]
[EventCountry "GER"]
[SourceTitle "playchess.com"]
[Source "ChessBase"]
[SourceQuality "1"]
[TimeControl "7800+30"]

1. d4 Nf6 2. c4 e6 3. Nc3 Bb4 4. f3 d5 5. a3 Bxc3+ 6. bxc3 h6 7. e3 O-O 8. cxd5 exd5 9. Bd3 c5 10. Ne2 Nc6 11. O-O Re8 12. Ra2 b6 13. g4 Na5 14. Ng3 {[%emt 0:05:01] White is slightly better.} c4 15. Bf5 Nb3 16. Rg2 Nxc1 17. Qxc1 Kf8 18. e4 (18. Bc2 $16) 18... Bxf5 $2 ({Black should play} 18... dxe4 $1 $14 19. fxe4 Bxf5 (19... Nxg4 $2 {too greedy.} 20. Bxc8 Qxc8 21. Qf4 $18) 20. gxf5 Nxe4) 19. Nxf5 $18 Ng8 20. e5 Re6 21. a4 Rc8 22. f4 Rcc6 23. Qa3+ Ne7 (23... Re7 $142 24. Nxe7 Nxe7) 24. Nxg7 Rg6 (24... Kxg7 $142 25. f5 Rg6 26. fxg6 Rxg6) 25. Nh5 Ke8 26. f5 Rg5 27. Nf6+ Rxf6 28. exf6 {[%emt 0:00:05][%cal Of1e1] [#] aiming for Re1!} Nc6 29. h4 Rg8 30. g5 Kd7 31. Re1 hxg5 32. hxg5 Kc8 33. Qc1 Qd6 34. Qe3 a6 35. Qg3 Qd8 36. Qf3 Qd6 37. Qh5 Nd8 38. Qh7 Rf8 39. Qg7 (39. g6 $142 fxg6 40. fxg6 Qxf6 41. g7) 39... Nc6 {[%emt 0:00:31] [#]} 40. Re7 $1 Qd8 (40... Rd8 41. Qxf7) 41. Rxf7 Qe8 42. Rxf8 {[%emt 0:00:07] Black did not feel at home in the position after the opening.   Weighted Error Value: White=0.33/Black=0.57.  Loses game:     	---       	Black=1      Mistake:       	White=1     	Black=2      Inaccurate:     	---       	Black=4      OK:         	White=8     	Black=3} 1-0

[Event "12th Senioren-Cup Tegernsee 2024"]
[Site "Rottach-Egern"]
[Date "2024.04.11"]
[Round "6.10"]
[White "Wenner, Tobias"]
[Black "Strobel, Walter"]
[Result "1/2-1/2"]
[ECO "A11"]
[WhiteElo "2051"]
[BlackElo "2147"]
[Annotator "TA"]
[PlyCount "32"]
[EventDate "2024.04.02"]
[EventType "swiss"]
[EventCountry "GER"]
[SourceTitle "playchess.com"]
[Source "ChessBase"]
[SourceQuality "1"]
[TimeControl "7800+30"]

1. Nf3 d5 2. c4 c6 3. g3 Nf6 4. Bg2 Bf5 5. Qb3 Qb6 6. d3 dxc4 (6... Nbd7 {simplifies} 7. cxd5 Qxb3 8. axb3 Nxd5 9. O-O Bg4) 7. Qxc4 e6 8. Be3 Qxb2 {[%emt 0:06:43] [#] White must now prevent ...Bb4+. White is slightly better.} 9. Bd4 Qb4+ 10. Nbd2 Qxc4 11. Nxc4 b5 12. Nce5 {[%emt 0:00:59] White is more active.} (12. Ne3 $16) 12... Nfd7 13. Nd2 (13. Rc1 $14) 13... Nxe5 $11 14. Bxe5 f6 15. Bxb8 Rxb8 16. Bxc6+ Kf7 {[%emt 0:04:44] Weighted Error Value: White=0.21 (precise) /Black=0.11 (very precise) .  Mistake:       	White=2     	---        Inaccurate:     	---       	Black=1      OK:         	White=3     	Black=5      Best:        	White=1     	Black=1} 1/2-1/2

[Event "12th Senioren-Cup Tegernsee 2024"]
[Site "Rottach-Egern"]
[Date "2024.04.12"]
[Round "7.3"]
[White "Belke, Frank"]
[Black "Vatter, Hans-Joachim"]
[Result "1/2-1/2"]
[ECO "D50"]
[WhiteElo "2163"]
[BlackElo "2211"]
[Annotator "TA"]
[PlyCount "96"]
[EventDate "2024.04.02"]
[EventType "swiss"]
[EventCountry "GER"]
[SourceTitle "playchess.com"]
[Source "ChessBase"]
[SourceQuality "1"]
[TimeControl "7800+30"]

1. d4 Nf6 2. c4 e6 3. Nc3 d5 4. Bg5 dxc4 5. e3 c5 6. dxc5 Qxd1+ 7. Rxd1 Bxc5 8. Bxc4 a6 {[%emt 0:05:39] Prevents Nb5} 9. Ne4 Be7 10. Nd6+ Bxd6 11. Rxd6 Nc6 12. Bxf6 gxf6 13. Nf3 Ke7 14. Rd2 Bd7 15. Ke2 Ne5 16. Nxe5 fxe5 17. Rhd1 Ba4 18. Bb3 Bb5+ 19. Ke1 Rad8 20. Rxd8 Rxd8 21. Rxd8 Kxd8 $14 {[%emt 0:00:08][%mdl 4096] Endgame. KB-KB} 22. Bc2 h6 23. b4 b6 24. Kd2 a5 25. bxa5 bxa5 {[%emt 0:00:02] The position is equal.} 26. Bd3 Bc6 27. g3 Kc7 28. Kc3 Kb6 29. a3 Kc5 30. h4 e4 31. Be2 Bd5 32. Bh5 f6 33. Bd1 Kb5 34. Kd4 Kc6 35. Bc2 e5+ 36. Kc3 Kc5 37. Ba4 Be6 38. Be8 Bd5 39. Bd7 Bb7 40. Be6 Bc6 41. Kb3 Bb5 42. Bc8 Bc6 43. Ba6 Bd5+ 44. Kc3 Bc6 45. Bc4 Bb7 46. Bf7 Bc6 47. Kb3 Bb5 48. Be6 Bc6 {[%emt 0:00:19] Weighted Error Value: White=0.03 (flawless) /Black=0.02 (flawless) .  Inaccurate:     	---       	Black=1      OK:         	White=11    	Black=22     Best:        	---       	Black=3} 1/2-1/2